 Dungeon Crawl Stone Soup version 0.17.0-24-gcfadda4 (console) character file.

154 gw the Skirmisher (level 5, -1/41 HPs)
             Began as a Demonspawn Fighter on Nov 17, 2015.
             Was an Initiate of Okawaru.
             Slain by a gnoll
             ... wielding a +0 spear
              (4 damage)
             ... on level 3 of the Dungeon.
             The game lasted 00:03:37 (3367 turns).

gw the Skirmisher (Demonspawn Fighter)              Turns: 3367, Time: 00:03:37

Health: -1/41      AC:  7    Str: 16    XL:     5   Next: 13%
Magic:  6/6        EV:  6    Int:  9    God:    Okawaru [......]
Gold:   161        SH:  9    Dex: 16    Spells: 0 memorised, 4 levels left

rFire  . . .     SeeInvis .     b - +0 morningstar
rCold  . . .     Clarity  .     r - +0 scale mail
rNeg   . . .     SustAt   .     c - +0 shield
rPois  .         Gourm    .     h - +0 helmet
rElec  .         Spirit   .     (no cloak)
rCorr  .         Warding  .     (no gloves)
rMut   .         Stasis   .     (no boots)
MR     .....                    (no amulet)
Stlth  +.........               (no ring)
                                (no ring)

@: not resistant to hostile enchantments, very unstealthy
A: claws 2, thin skeletal structure 1
a: Renounce Religion


You were on level 3 of the Dungeon.
You worshipped Okawaru.
Okawaru was noncommittal.
You were not hungry.

You visited 1 branch of the dungeon, and saw 3 of its levels.

You collected 161 gold pieces.

Inventory:

Hand Weapons
 b - a +0 morningstar (weapon)
Missiles
 i - 111 stones (quivered)
 n - 35 poisoned needles
Armour
 c - a +0 shield (worn)
 h - a +0 helmet (worn)
 r - a +0 scale mail (worn)
Scrolls
 k - a scroll of remove curse
 l - a scroll of magic mapping
 o - 9 scrolls of identify
 q - a scroll of teleportation
Potions
 d - 2 potions of might
 f - 2 potions of brilliance
Comestibles
 e - 2 bread rations
 g - 2 meat rations
 j - 3 fruits
 m - a beef jerky
 p - 2 slices of pizza


   Skills:
 + Level 3.4 Fighting
 * Level 3.2 Maces & Flails
 + Level 1.2 Throwing
 + Level 3.1 Armour
 + Level 3.3 Shields
 + Level 1.5 Invocations


You had 4 spell levels left.
You didn't know any spells.

Dungeon Overview and Level Annotations

Branches:
Dungeon (3/15)

Altars:
Okawaru


Innate Abilities, Weirdness & Mutations

You have very sharp fingernails.
You have a somewhat thin skeletal structure (Dex +2, Stealth).


Message History

You block the gnoll's attack. x2
ATTACK MOVE TO (0,-1)
You thump the gnoll!
You kill the gnoll!
Okawaru accepts your kill. The gnoll hits you but does no damage.
You block the gnoll's attack.
ATTACK MOVE TO (0,-1)
The gnoll hits you but does no damage.
The gnoll hits you from afar with a halberd!
You block the gnoll's attack.
You see here a halberd.
ATTACK MOVE TO (0,-1)
You barely miss the gnoll. You block the gnoll's attack.
The gnoll hits you with a spear.
The gnoll hits you from afar with a halberd.
ATTACK MOVE TO (0,-1)
You puncture the gnoll!
The gnoll is almost dead.
The gnoll hits you with a spear.
You die... ....######..###.########### ....# ..#.........# ##'## #########.# #.# #.# .. #.# # #### #.# ###.## #gg

#.#
...... #
#g# #.#
.# ..
#6# #.#
.# ...
#.####.#
.# ....
#......#
.# .....
#.######
.#....(.
###
..<.....
######+#


You could see 3 gnolls.

Table legend:
 A = Turns spent in this place as a percentage of turns spent in the entire game.
 B = Non-inter-level travel turns spent in this place as a percentage of non-inter-level travel turns spent in the entire game.
 C = Inter-level travel turns spent in this place as a percentage of turns spent in this place.
 D = Turns resting spent in this place as a percentage of non-inter-level travel turns spent in this place.
 E = Turns spent auto-exploring this place as a percentage of non-inter-level travel turns spent in this place.
 F = Non-inter-level travel turns spent in this place divided by the number of levels of this place that you've seen.
                   A       B       C       D       E      F
               +-------+-------+-------+-------+-------+----------------------
         Total | 100.0 | 100.0 |   0.7 |   0.8 |   2.4 | 1426.3
       Dungeon | 100.0 | 100.0 |   0.7 |   0.8 |   2.4 | 1426.3
               +-------+-------+-------+-------+-------+----------------------

Table legend:
 A = Kills in this place as a percentage of kills in entire the game.
 B = Kills by you in this place as a percentage of kills by you in the entire game.
 C = Kills by friends in this place as a percentage of kills by friends in the entire game.
 D = Other kills in this place as a percentage of other kills in the entire game.
 E = Experience gained in this place as a percentage of experience gained in the entire game.
 F = Experience gained in this place divided by the number of levels of this place that you have seen.
                   A       B       C       D       E      F
               +-------+-------+-------+-------+-------+----------------------
         Total | 100.0 | 100.0 |  -nan |  -nan | 100.0 |  73.7
       Dungeon | 100.0 | 100.0 |  -nan |  -nan | 100.0 |  73.7
               +-------+-------+-------+-------+-------+----------------------

Vanquished Creatures
  Jessica (D:3)
  A gnoll (D:3)
  3 adders (D:3)
  2 oozes
  2 worms (D:2)
  5 orcs (D:3)
  3 giant cockroaches
  9 hobgoblins
  10 jackals
  7 kobolds
  11 bats
  2 giant geckos (D:2)
  6 giant newts
  4 goblins
  8 rats
74 creatures vanquished.

Notes
Turn   | Place    | Note
--------------------------------------------------------------
     0 | D:1      | gw the Demonspawn Fighter began the quest for the Orb.
     0 | D:1      | Reached XP level 1. HP: 18/18 MP: 1/1
   367 | D:1      | Gained mutation: You have sharp fingernails. [demonic ancestry]
   367 | D:1      | Reached XP level 2. HP: 24/24 MP: 2/2
  1256 | D:2      | Gained mutation: You have very sharp fingernails. [demonic ancestry]
  1256 | D:2      | Reached XP level 3. HP: 29/29 MP: 3/3
  1884 | D:2      | Found an iron altar of Okawaru.
  1896 | D:2      | Became a worshipper of Warmaster Okawaru
  2713 | D:3      | Reached skill level 1 in Invocations
  2713 | D:3      | Reached XP level 4. HP: 35/35 MP: 4/4
  2764 | D:3      | Reached skill level 1 in Throwing
  3125 | D:3      | Noticed Jessica
  3132 | D:3      | Killed Jessica
  3132 | D:3      | Gained mutation: You have a somewhat thin skeletal structure (Dex +2, Stealth). [demonic ancestry]
  3132 | D:3      | Reached XP level 5. HP: 41/41 MP: 4/6
  3367 | D:3      | Slain by a gnoll

Action                   |  1- 3 |  4- 6 || total
-------------------------+-------+-------++-------
Melee: Flail             |   134 |    30 ||   164
       Morningstar       |       |    43 ||    43
Throw: Stone             |   118 |    45 ||   163
  Use: Scroll            |     5 |       ||     5
       Potion            |     3 |       ||     3
  Eat: Chunk             |     6 |     2 ||     8

Vault maps used:
D:1:      dpeg_arrival_oval, roderic_lattice_a
D:2:      okawaru_gym_becter, first_bread, serial_glass, glass_columns_a,
          glass_columns_c
D:3:      uniq_jessica
